 Dungeon Crawl Stone Soup version 0.30-a0-782-ge64f9170bb (webtiles) character file.

Game seed: 12514876913126936950

120 Barriton the Insei (level 4, 0/35 HPs)
             Began as a Draconian Transmuter on Feb 20, 2023.
             Slain by an iguana (11 damage)
             ... on level 4 of the Dungeon.
             The game lasted 00:05:14 (2792 turns).

Barriton the Insei (Draconian Transmuter)           Turns: 2792, Time: 00:05:14

Health: 0/35       AC:  5    Str: 12    XL:     4   Next: 75%
Magic:  7/8        EV: 12    Int: 14    God:
Gold:   144        SH:  0    Dex: 19    Spells: 5/8 levels left

rFire   . . .      SeeInvis .    b - +2 dagger (speed)
rCold   . . .      Faith    .    (no shield)
rNeg    . . .      Spirit   .    (body armour unavailable)
rPois   .          Reflect  .    (helmet currently unavailable)
rElec   .          Harm     .    (no cloak)
rCorr   .          Rampage  .    (no gloves)
Will    +....                    (boots currently unavailable)
Stlth   ++                       (no amulet)
HPRegen 0.25/turn                f - ring of willpower
MPRegen 0.11/turn                g - +6 ring of dexterity

@: appendages
A: horns 2, talons 2, AC +5, unfitting armour, cold-blooded
a: End Transformation


You were on level 4 of the Dungeon.
You had temporarily grown beastly horns and talons.
You visited 1 branch of the dungeon, and saw 4 of its levels.

You collected 144 gold pieces.

Inventory:

Hand Weapons
 b - a +2 dagger of speed (weapon)
Jewellery
 e - a ring of see invisible
 f - a ring of willpower (left hand)
 g - a +6 ring of dexterity (right hand)
 k - a ring of poison resistance
Scrolls
 c - a scroll of teleportation
 l - a scroll of amnesia
Potions
 a - 2 potions of lignification
 d - 2 potions of heal wounds {unknown}
 h - 4 potions of curing {unknown}
 j - 2 potions of degeneration {unknown}
 m - a potion of haste {unknown}


   Skills:
 + Level 1.3 Fighting
 + Level 2.0 Dodging
 + Level 0.5 Stealth
 + Level 4.0 Unarmed Combat
 + Level 2.7 Spellcasting
 + Level 3.1 Transmutations


You had 5 spell levels left.
You knew the following spells:

 Your Spells              Type           Power      Damage    Failure   Level
a - Beastly Appendage     Tmut           20%        N/A       6%          1
b - Wereblood             Tmut           10%        N/A       10%         2

Your spell library contained the following spells:

 Spells                   Type           Power      Damage    Failure   Level
 Blink                    Tloc           2%         N/A       32%         2
 Lesser Beckoning         Tloc           2%         N/A       32%         2
 Momentum Strike          Conj/Tloc      2%         3d8       32%         2
 Spider Form              Tmut/Pois      6%         N/A       34%         3
 Kindle Blastsparks       Fire/Tloc/Air  2%         2d10      54%         3
 Ice Form                 Ice/Tmut       6%         N/A       75%         4
 Fulminant Prism          Conj/Hex       0%         3d5       91%         4
 Iskenderun's Mystic Bla  Conj/Tloc      1%         2d3       91%         4
 Lee's Rapid Deconstruct  Erth           0%         3d4*      99%         5


Dungeon Overview and Level Annotations

Branches:
Dungeon (4/15)
 Temple: D:4-7

Altars:


Innate Abilities, Weirdness & Mutations

You have temporarily grown beastly horns and talons.
Your plain brown scales are hard. (AC +5)
You cannot fit into any form of body armour.
You are cold-blooded and may be slowed by cold attacks.


Message History

The dart slug launches a dart at you. The slug dart misses you.
The dart slug launches a dart at you.
The slug dart hits you but does no damage.
Found a leather armour.
The dart slug bites you.
You hit the dart slug.
The dart slug is moderately wounded.
You hit the dart slug but do no damage. You claw the dart slug.
You tail-slap the dart slug.
The dart slug is almost dead.
You hit the dart slug.
You kill the dart slug!
Your horns disappear.
Your talons disappear.
No target in view!
HP restored.
There is a stone staircase leading down here.
Found a ring mail.
There is a shaft here.
You now have 144 gold pieces (gained 5).
You open the door.
An iguana and an orc come into view.
The orc is wielding a +2 flail of draining.
There are monsters nearby!
An orc priest comes into view. It is wielding a +0 hand axe.
There is an open door here.
An orc comes into view. It is wielding a +0 hand axe.
The orc shouts!
The orc priest shouts!
You hear a shout!
The iguana bites you!
The orc priest calls down the wrath of Beogh upon you.
Beogh smites you!
The orc shouts!
You hear a shout!
The orc priest looks braver for a moment.
There is an open door here.
The iguana attacks as you move away! The iguana bites you.
You are too injured to fight recklessly!
Casting: Beastly Appendage (safe; 6% risk of failure)
Confirm with . or Enter, or press ? or * to list all spells.
You grow a pair of large bovine horns.
Your feet morph into talons.
The iguana bites you!
You die...

.......#.#.......###
########.#######.#
#.# #.# #.# #.# #.#
#.# #.#######.#
#.........#
#########.# #@#
#o###l#### #o..o...#
##......# #......#
.......# #.......#
####...... #..#####


You could see an iguana and an orc.

Vanquished Creatures
  Robin (D:2)
  4 adders
  2 dart slugs
  An orc (D:3)
  3 endoplasms
  2 giant cockroaches
  17 goblins
  10 hobgoblins
  8 kobolds
  2 quokkas (D:2)
  5 ball pythons
  A bat (D:3)
  3 frilled lizards
  6 rats
  A spectral kobold (D:3)
66 creatures vanquished.

Notes
Turn   | Place    | Note
-------+----------+-------------------------------------------
     0 | D:1      | Barriton the Draconian Transmuter began the quest for the
                  | Orb.
     0 | D:1      | Reached XP level 1. HP: 16/16 MP: 3/3
   147 | D:1      | Reached XP level 2. HP: 20/23 MP: 3/5
   844 | D:2      | Reached XP level 3. HP: 28/28 MP: 4/6
  1017 | D:2      | Noticed Robin
  1065 | D:2      | Killed Robin
  1205 | D:2      | Reached XP level 4. HP: 26/35 MP: 6/8
  1208 | D:2      | Learned a level 2 spell: Wereblood
  1811 | D:3      | Reached skill level 4 in Unarmed Combat
  1826 | D:3      | Found a faded altar of an unknown god.
  2792 | D:4      | Slain by an iguana

Illustrated notes

Levels and vault maps discovered:
D:1:      nzn_arrival_settlement, layout_rooms, minmay_misc_feat_rows
D:2:      layout_basic, uniq_robin
D:3:      layout_basic, dreamdust_ecumenical_altar_drowned_temple,
          chequers_serial_rivers_large_a
D:4:      layout_basic, marbit_many_paths

Skill      XL: |  1  2  3  4 |
---------------+-------------+-----
Dodging        | 2 |  2.0
Unarmed Combat | 4 |  4.0
Transmutations | 3 |  3.1
Fighting       | |  1.3
Stealth        | |  0.5
Spellcasting   | |  2.7

Action                     |  1- 3 |  4- 6 || total
---------------------------+-------+-------++-------
  Melee: Unarmed           |   110 |    14 ||   124
         Tailslap          |     8 |     4 ||    12
         Kick              |    18 |     8 ||    26
         Headbutt          |     6 |     5 ||    11
         Punch             |     1 |       ||     1
         Dagger            |       |    41 ||    41
   Cast: Beastly Appendage |    24 |    12 ||    36
         Wereblood         |       |     2 ||     2
    Use: Scroll            |     4 |     4 ||     8
   Stab: Sleeping          |     1 |       ||     1
 Armour: Skin              |    16 |    14 ||    30
  Dodge: Dodged            |    72 |    25 ||    97

Table legend: (Time is in decaauts)
 A = Elapsed time spent in this place.
 B = Non-inter-level travel time spent in this place.
 C = Inter-level travel time spent in this place.
 D = Time resting spent in this place.
 E = Time spent auto-exploring this place.
 F = Levels seen in this place.
 G = Mean time per level.
                   A        B        C        D        E       F      G
               +--------+--------+--------+--------+--------+-----+--------+
         Total |   2798 |   2706 |     92 |      0 |   2215 |   4 |  699.5 |
       Dungeon |   2798 |   2706 |     92 |      0 |   2215 |   4 |  699.5 |
               +--------+--------+--------+--------+--------+-----+--------+

Top non-repeatable levels by time:
     D:3: 1100 daAuts
     D:2: 983 daAuts
     D:1: 615 daAuts
     D:4: 99 daAuts
